 Dungeon Crawl Stone Soup version 0.21.1-1-g345015fe64 (webtiles) character file.

87975 Peloso the Fencer (level 15, -1/141 HPs)
             Began as a Minotaur Fighter on July 7, 2018.
             Was the Champion of Okawaru.
             Slain by a deep troll earth mage (12 damage)
             ... on level 14 of the Dungeon.
             The game lasted 01:04:02 (21919 turns).

Peloso the Fencer (Minotaur Fighter)               Turns: 21919, Time: 01:04:03

Health: -1/141     AC: 32    Str: 30      XL:     15   Next: 45%
Magic:  0/15       EV: 21    Int:  0 (5)  God:    Okawaru [******]
Gold:   1384       SH: 10    Dex: 15      Spells: 14/14 levels left

rFire    + + +     SeeInvis +   I - +0 scimitar (flame)
rCold    . . .     Gourm    .   v - +2 buckler {AC+3}
rNeg     . . .     Faith    .   A - +8 plate armour of the Pits of Slime {rF+++ Dex-2 SInv Stlth+}
rPois    .         Spirit   +   (helmet restricted)
rElec    .         Reflect  .   r - scarf {Spirit}
rCorr    .         Harm     .   n - +0 pair of gloves
MR       +....                  k - +1 pair of boots of Coronation {Str+5}
Stlth    ..........             G - amulet of regeneration
HPRegen  0.73/turn              M - ring of see invisible
MPRegen  0.14/turn              b - +3 ring of evasion

@: agile, berserk cooldown, slowed, lost intelligence, very slow
A: retaliatory headbutt, horns 2
a: Heroism, Finesse, Renounce Religion


You were on level 14 of the Dungeon.
You worshipped Okawaru.
Okawaru was exalted by your worship.
You were hungry.

You visited 3 branches of the dungeon, and saw 21 of its levels.
You also visited: Sewer.

You collected 1489 gold pieces.
You spent 105 gold pieces at shops.

Inventory:

Hand Weapons
 D - the +0 rapier of Wehuquj {pierce, +Blink rC+++ Str-5 Stlth+}
   (You found it on level 14 of the Dungeon)

   It inflicts extra damage upon your enemies.
   It affects your strength (-5).
   It renders you almost immune to cold.
   It lets you blink.
   It makes you more stealthy.
 I - a +0 scimitar of flaming (weapon)
Armour
 c - a scarf of cloud immunity
 j - the +1 chain mail of the Snail {Str+4}
   (You took it off an orc on level 8 of the Dungeon)

   It affects your strength (+4).
 k - the +1 pair of boots of Coronation (worn) {Str+5}
   (Okawaru gifted it to you on level 11 of the Dungeon)

   It affects your strength (+5).
 n - a +0 pair of gloves (worn)
 r - a scarf of spirit shield (worn)
 v - a +2 buckler of protection (worn)
 A - the +8 plate armour of the Pits of Slime (worn) {rF+++ Dex-2 SInv Stlth+}
   (Okawaru gifted it to you on level 14 of the Dungeon)

   It affects your dexterity (-2).
   It renders you almost immune to fire.
   It lets you see invisible.
   It makes you more stealthy.
Jewellery
 b - a +3 ring of evasion (right hand)
 d - the amulet of Tiemn {Reflect rElec rF- MP+9 Int+10 SH+3}
   (You found it on level 6 of the Lair of Beasts)

   [amulet of reflection]

   It shields you and reflects attacks.
   It affects your intelligence (+10).
   It makes you vulnerable to fire.
   It insulates you from electricity.
   It affects your magic capacity (+9).
   It affects your SH (+3).
 q - a +5 ring of dexterity
 G - an amulet of regeneration (around neck)
 J - an uncursed ring of flight
 M - a ring of see invisible (left hand)
 X - an uncursed ring of wizardry
Wands
 a - a wand of disintegration (21)
 p - a wand of polymorph (12)
 x - a wand of flame (20)
 y - a wand of digging (19)
 C - a wand of enslavement (4)
Scrolls
 e - 8 scrolls of identify
 o - a scroll of fog
 u - 10 scrolls of teleportation
 z - a scroll of enchant armour
 B - a scroll of fear
 E - a scroll of magic mapping
 S - a scroll of blinking
 T - 8 scrolls of remove curse
Potions
 g - 2 potions of agility
 h - 2 potions of resistance
 i - 6 potions of curing
 s - 5 potions of flight
 w - a potion of ambrosia {unknown}
 F - a potion of haste
 N - 3 potions of might
 P - 2 potions of cancellation
Books
 l - a book of Unlife

   Spells                             Type                      Level
   a - Recall                         Summoning/Translocation      3
   b - Animate Dead                   Necromancy                   4
   c - Borgnjor's Vile Clutch         Necromancy/Earth             5
   d - Death Channel                  Necromancy                   6
   e - Simulacrum                     Ice/Necromancy               6
 t - a book of Party Tricks

   Spells                             Type                      Level
   a - Summon Butterflies             Summoning                    1
   b - Apportation                    Translocation                1
   c - Lesser Beckoning               Translocation                3
   d - Tukima's Dance                 Hexes                        3
   e - Alistair's Intoxication        Transmutation/Poison         5
   f - Invisibility                   Hexes                        6
Comestibles
 f - 32 rations
 H - 6 chunks of flesh


   Skills:
 + Level 15.6 Fighting
 + Level 2.0(10.8) Short Blades
 + Level 16.9(17.0) Long Blades
 + Level 15.3 Armour
 + Level 7.3 Dodging
 + Level 1.5 Stealth
 + Level 14.7 Shields
 + Level 0.1 Unarmed Combat
 + Level 1.4 Invocations
 + Level 2.4 Evocations


You had 14 spell levels left.
You didn't know any spells.

Dungeon Overview and Level Annotations

Branches:
Dungeon (14/15)            Temple (1/1) D:7            Lair (6/6) D:10
  Swamp (0/4) Lair:2        Snake (0/4) Lair:3        Slime (0/5) Lair:5
    Orc (0/2) D:12         Vaults (0/5) D:13

Altars:
Cheibriados
Elyvilon
Hepliaklqana
Okawaru
Qazlal
Sif Muna
Vehumet
Xom
Yredelemnul
Zin
The Shining One

Shops:
D:12 !

Annotations:
D:14 1 transporter
Lair:1 exclusion: oklob plant


Innate Abilities, Weirdness & Mutations

You reflexively headbutt those who attack you in melee.
You have a pair of horns on your head.


Message History

You barely miss the centaur warrior. You headbutt the centaur warrior.
The centaur warrior is severely wounded.
Okay, then.
You almost manage to decipher the scroll, but fail in this attempt.
The centaur warrior completely misses you.
You furiously retaliate!
You headbutt the centaur warrior.
The deep troll earth mage bites you but does no damage.
The deep troll earth mage claws you.
* * * LOW HITPOINT WARNING * * *
The deep troll earth mage claws you but does no damage.
The orc sorcerer howls an incantation.
The orc sorcerer's hands start to glow.
You block the orc sorcerer's attack.
The freezing wraith completely misses you.
The freezing wraith barely misses you.
The deep troll earth mage bites you but does no damage.
You block the deep troll earth mage's attack.
The deep troll earth mage claws you but does no damage.
You block the centaur warrior's attack. The deep troll earth mage bites you!
You die...

.....# #..##.....##..# ....##
#..#....#Z.#..# ....## ####
#.......##cW..# .....####..#
#...#...###...# ...........#
#......(......# ...........#
#.#C......###.# ...........#
#.#HyG...####W# #..........#
###TWG..####### ........##.#
###@Tl..####### ...#...## ##
##oc5......## #..##..# ..#
#F9.......# #.###.##
#.###4........# ..#...##
#..##.........# .< .......#
#..##....©....#####...
...##..##
#<..###########..).... ###
##..# ##......#.©..........##
#####..###.............#####..#


You could see a satyr shaped shifter, a glowing orange brain, a centaur warrior,
a manticore, a cyclops, 2 deep troll earth magi, a hellwing, a freezing wraith,
an eye of draining, a basilisk, an orc sorcerer, a vampire mosquito, a gargoyle,
a bullfrog, a crimson imp and a wolf spider zombie.

Vanquished Creatures
  Kirke (Lair:5)
  A frost giant (D:14)
  Snorg (Lair:6)
  Josephine (Lair:6)
  A fire dragon (D:14)
  The ghost of GotenAND the Impaler, a journeyman MiBe of Trog (D:11)
  8 hydras
  2 vault guards (D:13)
  Erica (D:8)
  2 catoblepae
  5 two-headed ogres
  A deep troll earth mage (D:14)
  6 death yaks (Lair:6)
  An unseen horror (D:13)
  A deep elf archer (D:13)
  3 wizards
  The ghost of makkenr95 the Cleaver, a novice MiFi of Qazlal (D:6)
  2 deep elf magi (D:13)
  A necromancer (D:13)
  2 wolf spiders (Lair:6)
  2 ugly things (D:11)
  4 elephants (Lair:3)
  2 cyclopes
  12 black mambas
  22 spiny frogs
  A torpor snail (Lair:6)
  A guardian serpent (Lair:6)
  2 gargoyles
  A spiny frog (shapeshifter) (D:14)
  9 komodo dragons
  5 rime drakes
  6 hornets
  9 polar bears (Lair:6)
  A raiju (Lair:6)
  8 trolls
  5 hippogriffs
  8 blink frogs
  6 wraiths
  15 wyverns
  3 redbacks (Lair:6)
  17 humans (D:13)
  47 yaks
  A basilisk (Lair:4)
  2 hogs (Lair:6)
  Grum (D:8)
  A vampire (D:12)
  3 hungry ghosts
  4 wargs (Lair:6)
  5 nagas (Lair:3)
  5 swamp worms (Lair:2)
  16 hell hounds (Lair:6)
  24 water moccasins
  12 porcupines
  Purgy (Sewer)
  4 phantoms
  16 orc warriors
  5 ice beasts
  2 sky beasts
  A necrophage (D:10)
  12 black bears
  5 ogres
  26 wolves
  An eye of draining (D:13)
  5 centaurs
  21 crocodiles
  A big kobold (D:9)
  2 wyvern zombies
  23 bullfrogs
  3 scorpions
  11 killer bees
  9 wights
  2 electric eels
  5 howler monkeys
  7 crimson imps
  2 centaur zombies
  A quasit (D:13)
  5 bullfrog zombies
  3 jellies
  13 orc priests
  10 hounds
  A bullfrog skeleton (D:12)
  6 centaur skeletons
  12 orc wizards
  Natasha (thrice) (D:3)
  Terence (D:2)
  3 iguanas
  13 worker ants
  2 hound skeletons (D:8)
  A worker ant zombie (D:7)
  2 howler monkey skeletons
  21 adders
  11 gnolls
  3 river rats (Lair:6)
  A shadow imp (D:12)
  An ooze (D:2)
  3 worms (D:2)
  A dart slug (D:4)
  4 leopard geckos
  77 orcs
  6 ball pythons
  6 bats
  10 giant cockroaches
  12 goblins
  A hobgoblin (D:2)
  7 jackals
  4 quokkas
  4 frilled lizards
  A jackal skeleton (D:5)
  11 kobolds
  9 rats
  2 fungi (Lair:3)
  3 plants
740 creatures vanquished.

Vanquished Creatures (collateral kills)
  A quokka (D:7)
1 creature vanquished.

Vanquished Creatures (others)
  2 humans (Lair:6)
  A killer bee (D:13)
  8 fungi (Lair:6)
  37 plants
48 creatures vanquished.

Grand Total: 789 creatures vanquished

Notes
Turn   | Place    | Note
-------+----------+-------------------------------------------
     0 | D:1      | Peloso the Minotaur Fighter began the quest for the Orb.
     0 | D:1      | Reached XP level 1. HP: 19/19 MP: 0/0
   128 | D:1      | Reached XP level 2. HP: 25/27 MP: 1/1
   389 | D:1      | Reached XP level 3. HP: 33/33 MP: 2/2
   494 | D:2      | Noticed a phantom
   512 | D:2      | Killed a phantom
   512 | D:2      | Reached skill level 3 in Long Blades
   512 | D:2      | Reached XP level 4. HP: 35/41 MP: 3/3
   556 | D:2      | Reached skill level 5 in Armour
   556 | D:2      | Reached XP level 5. HP: 43/47 MP: 4/4
   708 | D:2      | Noticed Terence
   714 | D:2      | Killed Terence
   722 | D:2      | Reached skill level 4 in Long Blades
  1023 | D:2      | Reached skill level 5 in Shields
  1087 | D:2      | Reached XP level 6. HP: 40/53 MP: 5/5
  1458 | D:3      | Noticed Natasha
  1462 | D:3      | Killed Natasha
  1501 | D:3      | Noticed Natasha
  1507 | D:3      | Killed Natasha
  1507 | D:3      | Reached skill level 1 in Dodging
  1591 | D:3      | Found a glowing drain.
  1612 | Sewer    | Entered a sewer
  1702 | Sewer    | Noticed Purgy
  1710 | Sewer    | Killed Purgy
  1710 | Sewer    | Reached skill level 5 in Long Blades
  1868 | D:3      | Noticed Natasha
  1871 | D:3      | Killed Natasha
  1871 | D:3      | Reached skill level 5 in Fighting
  1871 | D:3      | Reached XP level 7. HP: 61/61 MP: 6/6
  2660 | D:4      | Reached skill level 6 in Long Blades
  2847 | D:5      | Entered Level 5 of the Dungeon
  2933 | D:5      | Reached XP level 8. HP: 69/70 MP: 7/7
  3050 | D:5      | Reached skill level 7 in Long Blades
  3071 | D:5      | Found a snail-covered altar of Cheibriados.
  3597 | D:6      | Noticed makkenr95's ghost (novice MiFi)
  3612 | D:6      | Killed makkenr95's ghost
  3612 | D:6      | Reached skill level 8 in Long Blades
  3628 | D:6      | Reached XP level 9. HP: 63/78 MP: 8/8
  4154 | D:6      | Reached skill level 9 in Long Blades
  4896 | D:7      | Found a staircase to the Ecumenical Temple.
  4926 | D:7      | Reached skill level 10 in Long Blades
  4944 | Temple   | Entered the Ecumenical Temple
  4978 | Temple   | Became a worshipper of Warmaster Okawaru
  5126 | D:7      | Found a glowing silver altar of Zin.
  5408 | D:8      | Noticed a troll
  5416 | D:8      | Killed a troll
  5416 | D:8      | Reached * piety under Okawaru
  5422 | D:8      | Reached XP level 10. HP: 66/86 MP: 6/9
  5468 | D:8      | Found a deep blue altar of Sif Muna.
  5471 | D:8      | Found a hazy altar of Hepliaklqana.
  5471 | D:8      | Found a stormy altar of Qazlal.
  5471 | D:8      | Found a glowing golden altar of the Shining One.
  5471 | D:8      | Found a radiant altar of Vehumet.
  5472 | D:8      | Found a basalt altar of Yredelemnul.
  5532 | D:8      | Noticed Grum
  5554 | D:8      | Killed Grum
  5554 | D:8      | Reached skill level 11 in Long Blades
  5609 | D:8      | Noticed a two-headed ogre
  5617 | D:8      | Killed a two-headed ogre
  5677 | D:8      | Noticed Erica
  5707 | D:8      | Killed Erica
  5707 | D:8      | Reached ** piety under Okawaru
  5898 | D:8      | Got a bloodstained chain mail
  6096 | D:8      | Identified the +1 chain mail of the Snail {Str+4} (You took it off an orc on level 8 of the Dungeon)
  6348 | D:8      | Found a shimmering altar of Xom.
  6537 | D:9      | Reached skill level 10 in Armour
  6604 | D:9      | Reached skill level 12 in Long Blades
  7197 | D:9      | Reached *** piety under Okawaru
  7363 | D:10     | Entered Level 10 of the Dungeon
  7810 | D:10     | Reached XP level 11. HP: 95/95 MP: 10/10
  8278 | D:10     | Found a staircase to the Lair.
  8901 | D:11     | Found a white marble altar of Elyvilon.
  9026 | D:11     | Reached skill level 1 in Evocations
  9275 | D:11     | Noticed a purple ugly thing
  9291 | D:11     | Killed a purple ugly thing
  9291 | D:11     | Reached **** piety under Okawaru
  9313 | D:11     | Noticed a five-headed hydra
  9347 | D:12     | Noticed a two-headed ogre
  9358 | D:12     | Killed a two-headed ogre
  9358 | D:12     | Reached skill level 10 in Shields
  9822 | D:12     | Found Zaclonn's Distillery.
  9831 | D:12     | Bought a potion of might for 60 gold pieces
  9831 | D:12     | Bought a potion of curing for 45 gold pieces
 10099 | D:12     | Reached skill level 13 in Long Blades
 10269 | D:12     | Found a staircase to the Orcish Mines.
 10499 | D:12     | Reached ***** piety under Okawaru
 10577 | D:12     | Received a gift from Okawaru
 10857 | D:11     | Noticed a four-headed hydra
 10867 | D:11     | Killed a one-headed hydra
 10867 | D:11     | Reached skill level 10 in Fighting
 10933 | D:11     | Killed a one-headed hydra
 10933 | D:11     | Received a gift from Okawaru
 10933 | D:11     | Reached XP level 12. HP: 78/106 MP: 7/12
 10944 | D:11     | Got a pair of polished boots {god gift}
 10950 | D:11     | Identified the +1 pair of boots of Coronation {Str+5} (Okawaru gifted it to you on level 11 of the Dungeon)
 11096 | D:11     | Noticed GotenAND's ghost (journeyman MiBe)
 11110 | D:11     | Killed GotenAND's ghost
 11383 | Lair:1   | Entered Level 1 of the Lair of Beasts
 11393 | Lair:1   | Reached skill level 14 in Long Blades
 11786 | Lair:1   | Reached skill level 5 in Dodging
 12666 | Lair:2   | Found a staircase to the Swamp.
 13007 | Lair:3   | Noticed a seven-headed hydra
 13013 | Lair:3   | Killed a five-headed hydra
 13112 | Lair:3   | Found a staircase to the Snake Pit.
 13189 | Lair:3   | Reached XP level 13. HP: 76/117 MP: 9/13
 13191 | Lair:3   | Received a gift from Okawaru
 14007 | Lair:4   | Reached skill level 15 in Long Blades
 14315 | Lair:4   | Reached skill level 1 in Stealth
 14805 | Lair:5   | Paralysed by a hornet for 2 turns
 14882 | Lair:5   | Reached ****** piety under Okawaru
 15084 | Lair:5   | Found a staircase to the Slime Pits.
 16129 | Lair:5   | Received a gift from Okawaru
 16221 | Lair:6   | Entered Level 6 of the Lair of Beasts
 16228 | Lair:6   | Noticed Josephine
 16248 | Lair:6   | Killed Josephine
 16268 | Lair:6   | Reached XP level 14. HP: 112/129 MP: 12/14
 16308 | Lair:6   | Got a fine pewter amulet
 16311 | Lair:6   | Identified the amulet of Tiemn {Reflect rElec rF- MP+9 Int+10 SH+3} (You found it on level 6 of the Lair of Beasts)
 16388 | Lair:6   | Paralysed by a hornet for 2 turns
 17564 | Lair:6   | Reached skill level 16 in Long Blades
 17786 | Lair:6   | Received a gift from Okawaru
 17800 | Lair:6   | Noticed Kirke
 18515 | Lair:4   | Paralysed by a hornet for 2 turns
 19143 | Lair:5   | Killed Kirke
 19218 | Lair:6   | Reached skill level 1 in Invocations
 19374 | Lair:6   | Received a gift from Okawaru
 19436 | Lair:6   | Noticed Snorg
 19447 | Lair:6   | Killed Snorg
 20576 | D:13     | Reached skill level 15 in Armour
 20744 | D:13     | Reached skill level 15 in Fighting
 20744 | D:13     | Reached XP level 15. HP: 118/141 MP: 15/15
 21441 | D:13     | Found a gate to the Vaults.
 21645 | D:14     | Received a gift from Okawaru
 21664 | D:14     | Got a bloodstained plate armour {god gift}
 21675 | D:14     | Identified the +8 plate armour of the Pits of Slime {rF+++ Dex-2 SInv Stlth+} (Okawaru gifted it to you on level 14 of the Dungeon)
 21677 | D:14     | Found a transporter.
 21701 | D:14     | Got a shimmering rapier
 21702 | D:14     | Identified the cursed +0 rapier of Wehuquj {pierce, +Blink rC+++ Str-5 Stlth+} (You found it on level 14 of the Dungeon)
 21798 | D:14     | Reached skill level 1 in Short Blades
 21818 | D:14     | Found a transporter.
 21859 | D:14     | Noticed a frost giant
 21900 | D:14     | Lost intelligence.
 21907 | D:14     | Noticed a ghost moth
 21907 | D:14     | an entropy weaver changed into a ghost moth
 21913 | D:14     | Killed a frost giant
 21914 | D:14     | a ghost moth changed into a fire dragon
 21919 | D:14     | Slain by a deep troll earth mage

Skill      XL: |  1  2  3  4  5  6  7  8  9 10 11 12 13 14 15 |
---------------+----------------------------------------------+-----
Shields        | 4 5 6 7 8 9 10 11 12 14 | 14.7
Fighting       | 4 5 6 7 8 10 11 13 15 | 15.6
Armour         | 4 5 6 8 9 10 11 13 14 15 | 15.3
Long Blades    | 3 4 5 6 8 10 12 13 14 15 16 | 16.9
Dodging        | 1 2 3 4 5 6 7 |  7.3
Evocations     | 1 2 |  2.4
Stealth        | 1 |  1.5
Invocations    | 1 |  1.4
Short Blades   | 2 |  2.0
Unarmed Combat | |  0.1

Action                   |  1- 3 |  4- 6 |  7- 9 | 10-12 | 13-15 || total
-------------------------+-------+-------+-------+-------+-------++-------
Melee: Long sword        |    66 |   137 |   410 |   288 |       ||   901
       Headbutt          |    11 |    28 |    87 |   220 |   366 ||   712
       Scimitar          |       |       |       |   563 |  1047 ||  1610
       Unarmed           |       |       |       |       |     9 ||     9
       Rapier            |       |       |       |       |    17 ||    17
Invok: Heroism           |       |       |       |     8 |     8 ||    16
 Abil: Evoke Flight      |       |       |       |     1 |       ||     1
Evoke: Wand              |       |       |     2 |    11 |    15 ||    28
  Use: Scroll            |       |       |    20 |     7 |     6 ||    33
       Potion            |       |       |     2 |     3 |     7 ||    12
 Stab: Petrified         |       |       |       |       |     1 ||     1
  Eat: Chunk             |       |     4 |    11 |    26 |    23 ||    64
       Ration            |       |       |       |     1 |     2 ||     3
Armor: Scale mail        |    35 |    76 |    82 |       |       ||   193
       Chain mail        |       |       |    65 |   292 |   334 ||   691
       Plate armour      |       |       |    11 |    70 |   145 ||   226
Dodge: Dodged            |    31 |    58 |   151 |   291 |   539 ||  1070
Block: Shield            |    35 |    78 |    28 |       |       ||   141
       Buckler           |       |       |   103 |   307 |   489 ||   899
       Other             |       |       |       |       |     6 ||     6
       Reflection        |       |       |       |       |     1 ||     1
       Rpst.: Long sword |     6 |    15 |    52 |    28 |       ||   101
       Scimitar          |       |       |       |    51 |   115 ||   166
